cohdb
Replays
Latest Replays
All Replays
Popular Replays
Top Player Replays
Match Explorer
How It Works
Community
CoH3 Stats
Reddit
Sign in to upload your games and track your stats! →
Sign in with Steam
Match 43455684
Unlisted
Match 43455684
Overview
Messages
Build Orders
End
Construct Barracks
Selects Heavy Weapons
Riflemen Squad
Riflemen Squad
Riflemen Squad
Grenade Package
Construct Weapon Support Center
Selects M2HB .50cal Heavy Machine Gun
M1919 Machine Gun Team
Mechanized Support Center
M3 Armored Personnel Carrier
Construct Medical Station
Selects Assault Carriers
M3 Assault Carrier
Engineer Squad
M1918 Browning Automatic Rifles
Selects Exchangeable Parts
Construct Tank Depot
M4A1 Sherman Medium Tank
Designate Forward Repair Station
M4A1 76mm Conversion
M4A1(76) Sherman Medium Tank
Improvised Armor
Engineer Squad
M4A1(76) Sherman Medium Tank
Selects M26 Pershing Heavy Tank
M26 Pershing Heavy Tank
plavix
A-Kai
Turan
ToTa001
Imperiale
Herogus3xD
PIGEONS ARE FBI DRONES
Bananenratte
0
0
Comments
sign in to comment!
No comments posted yet!